Map: Triton LE

Players

Mez - Winner!

  • Race: Terran Terran
  • League: Master
  • Spawn Location: 11:00

Xalun

  • Race: Zerg Zerg
  • League: Master
  • Spawn Location: 5:00

VOD

Have the link to the VOD?

Description

Time

  • Played on: Aug. 22, 2019, 12:20 p.m.
  • Length: 14:50
Show
View Real Time Build Order
Export as new Build Order

Mez Terran - Winner!

Build Orders: Reaper Expand 

Get SALT Encoding   

  12  0:00  SCV  
  13  0:13  SCV  
  14  0:17  Supply Depot  
  14  0:25  SCV  
  15  0:41  SCV  
  16  0:45  Barracks  
  16  0:47  Refinery  
  16  0:53  SCV  
  17  1:05  SCV  
  18  1:17  SCV  
  19  1:34  Orbital Command  
  19  1:38  Reaper  
  20  1:42  Command Center  
  20  1:51  Supply Depot  
  20  2:00  SCV  
  21  2:09  Marine  
  21  2:12  SCV  
  23  2:17  Factory  
  23  2:21  Refinery  
  23  2:24  SCV  
  23  2:28  Barracks Reactor  
  24  2:46  SCV  
  25  2:56  Orbital Command  
  25  3:00  SCV  
  25  3:05  Starport  
  26  3:11  Hellion x2  
  26  3:12  SCV  
  31  3:15  Barracks Tech Lab  
  31  3:24  SCV  
  32  3:27  SCV  
  32  3:32  Hellion x2  
  32  3:34  Supply Depot  
  37  3:36  SCV  
  37  3:38  Marine  
  37  3:40  SCV  
  40  3:42  Viking  
  40  3:46  Stimpack  
  42  3:48  SCV  
  43  3:58  SCV  
  43  4:00  Supply Depot  
  43  4:01  SCV  
  45  4:06  Factory Reactor  
  45  4:08  Marine  
  46  4:10  Barracks  
  46  4:11  Barracks  
  46  4:16  SCV x2  
  45  4:28  SCV x2  
  45  4:32  Marine, Starport Reactor  
  44  4:40  SCV x2  
  46  4:49  Marine  
  46  4:52  SCV  
  48  4:53  SCV  
  48  4:58  Command Center  
  49  5:06  SCV x2  
  51  5:12  Factory Tech Lab  
  51  5:18  SCV x2  
  51  5:20  Medivac x2  
  56  5:26  Marine  
  56  5:27  Marine x4  
  61  5:30  SCV  
  61  5:34  Supply Depot  
  62  5:35  Supply Depot  
  62  5:40  Combat Shield  
  62  5:44  Engineering Bay  
  62  5:45  Engineering Bay  
  62  5:46  Refinery  
  62  5:48  Refinery  
  62  5:56  Marine x4, Siege Tank, SCV  
  62  5:57  Marine  
  70  5:59  Supply Depot  
  71  6:07  SCV  
  71  6:08  SCV  
  73  6:14  Marine x4  
  73  6:15  Orbital Command  
  73  6:16  Marine  
  78  6:19  SCV  
  78  6:23  Terran Infantry Armor Level 1, Terran Infantry Weapons Level 1  
  79  6:31  Marine  
  80  6:33  SCV x2  
  82  6:40  Siege Tank  
  82  6:44  Orbital Command  
  82  6:45  SCV x2  
  87  6:49  Marine x4  
  87  6:50  Marine  
  87  6:53  Barracks  
  92  6:55  Barracks  
  92  6:57  Supply Depot  
  92  6:59  Supply Depot  
  91  7:22  Marine  
  89  7:23  Marine x2  
  89  7:27  Marine  
  89  7:28  Siege Tank, SCV, Medivac x2  
  89  7:29  SCV x2  
  90  7:38  Marine  
  90  7:40  Marine x2  
  90  7:41  SCV x3  
  94  7:48  Marine x2  
  90  7:53  SCV x3  
  90  7:56  Marine  
  90  7:58  Medivac x2  
  98  7:59  Marine x2  
  98  8:00  Siege Tank  
  98  8:04  Barracks Reactor x2  
  98  8:05  SCV x3  
  106  8:06  Marine  
  106  8:07  Supply Depot  
  106  8:08  Armory  
  106  8:11  Liberator x2  
  106  8:12  Marine  
  108  8:13  Marine  
  108  8:17  Marine x2, SCV x3  
  114  8:26  Marine  
  115  8:29  Marine, SCV x3  
  123  8:49  Marine x2  
  123  8:55  Marine x2  
  125  8:56  Marine x2  
  125  8:57  Marine  
  125  8:58  Marine  
  125  9:00  Marine  
  125  9:02  SCV  
  125  9:04  SCV  
  125  9:05  SCV  
  125  9:06  Siege Tank  
  125  9:16  Command Center  
  125  9:17  Refinery  
  125  9:18  Refinery  
  125  9:20  SCV  
  125  9:22  Marine x2  
  125  9:24  Supply Depot  
  125  9:25  Supply Depot x2  
  125  9:26  Supply Depot  
  125  9:27  Marine x3, SCV, Medivac x2  
  133  9:40  Liberator x2  
  133  9:45  Marine x7  
  133  9:46  Marine x2, SCV  
  133  9:48  Terran Infantry Armor Level 2, Terran Infantry Weapons Level 2  
  133  9:49  Terran Vehicle Weapons Level 1  
  142  10:03  Marine x2  
  141  10:14  Marine x2, Siege Tank  
  137  10:25  Marine  
  137  10:26  Marine x6  
  134  10:32  Marine x2  
  133  10:46  Siege Tank, Command Center  
  133  10:49  Barracks  
  136  10:50  Barracks x2  
  136  10:51  Factory  
  136  10:58  Factory  
  136  11:02  Marine x8  
  136  11:03  Marine  
  145  11:11  Planetary Fortress  
  145  11:12  SCV x3  
  145  11:18  Siege Tank  
  151  11:20  Marine x3  
  151  11:22  Marine  
  151  11:23  Marine x5  
  160  11:27  Medivac x2  
  164  11:36  Refinery  
  164  11:38  Marine  
  155  11:40  Marine, Refinery  
  155  11:41  Marine x7  
  155  11:44  Factory Tech Lab x2  
  161  11:50  Siege Tank  
  147  11:55  Marine  
  147  11:58  Marine  
  147  12:00  Marine x7  
  137  12:02  Barracks Reactor  
  137  12:03  Barracks Tech Lab x2  
  137  12:06  Siege Tank x2, Barracks  
  137  12:07  Liberator x2  
  137  12:08  Barracks  
  143  12:13  Marine  
  144  12:21  Sensor Tower  
  144  12:22  Siege Tank  
  147  12:23  Marine x7, Marauder x3  
  166  12:31  Marine  
  167  12:41  Marine x3  
  170  12:45  Marauder  
  170  12:49  Sensor Tower  
  170  12:50  Marine x7, Siege Tank x2  
  185  12:51  Marauder  
  185  12:54  Sensor Tower  
  187  13:03  Marauder  
  186  13:10  Marine  
  186  13:12  Barracks Tech Lab  
  187  13:13  Barracks Tech Lab  
  187  13:16  Marine  
  187  13:17  Liberator  
  187  13:19  Liberator  
  187  13:23  Marine x3  
  187  13:24  Marine x2, Marauder  
  187  13:27  Marauder  
  186  13:30  Marauder  
  170  13:39  Marauder x2  
  170  13:43  Marine x4  
  168  13:56  Thor  
  168  13:58  Marine  
  168  13:59  Marine x5  
  172  14:05  Marine  
  172  14:06  Marine x3  
  172  14:07  Marine  
  170  14:12  Command Center  
  170  14:15  Supply Depot  
  170  14:16  Medivac, Command Center, Supply Depot  
Show
View Real Time Build Order
Export as new Build Order

Xalun Zerg 

Build Orders: Hatch First 

Get SALT Encoding   

  12  0:01  Drone  
  13  0:12  Overlord  
  13  0:16  Drone  
  14  0:30  Drone x2  
  14  0:34  Drone  
  17  0:53  Hatchery  
  17  0:54  Drone  
  17  0:59  Drone  
  18  1:08  Extractor  
  17  1:14  Spawning Pool  
  17  1:15  Drone  
  17  1:18  Drone  
  18  1:28  Drone  
  19  1:41  Overlord  
  19  1:51  Drone  
  20  2:00  Queen  
  22  2:01  Zergling x2  
  22  2:04  Queen  
  22  2:05  Zergling x2  
  26  2:08  Metabolic Boost  
  26  2:22  Drone x2  
  28  2:30  Hatchery  
  28  2:31  Drone  
  28  2:35  Drone  
  29  2:52  Drone x4  
  29  2:55  Overlord  
  29  2:56  Queen  
  35  3:04  Overlord  
  36  3:12  Zergling x2  
  36  3:13  Zergling x2  
  36  3:18  Zergling x2  
  38  3:40  Zergling x4  
  38  3:41  Drone x4  
  41  3:46  Overlord  
  41  3:48  Queen  
  46  3:49  Queen  
  46  3:50  Overlord  
  46  3:54  Drone x5  
  54  4:02  Drone  
  54  4:04  Zergling x2  
  55  4:10  Overlord  
  55  4:20  Zergling x6  
  55  4:21  Drone x2  
  57  4:40  Drone x2  
  57  4:41  Drone x5  
  57  4:45  Extractor  
  61  4:46  Evolution Chamber x2  
  61  4:49  Extractor  
  61  4:50  Extractor  
  57  4:55  Overlord, Drone  
  57  4:56  Drone x3  
  57  4:59  Drone  
  62  5:03  Lair  
  62  5:06  Baneling Nest, Drone x2  
  61  5:21  Zerg Ground Armor Level 1  
  61  5:22  Overlord  
  61  5:27  Drone  
  61  5:28  Overlord, Drone x8  
  70  5:29  Zerg Melee Weapons Level 1  
  70  5:37  Overlord  
  70  5:40  Zergling x4  
  71  5:52  Zergling x14  
  77  6:05  Drone x4  
  77  6:06  Hydralisk Den  
  77  6:07  Centrifical Hooks  
  77  6:09  Drone  
  77  6:10  Drone x3  
  84  6:11  Extractor  
  84  6:12  Hatchery, Drone, Extractor  
  81  6:26  Drone x6  
  81  6:32  Overlord x3  
  87  6:33  Overlord  
  86  6:40  Zergling x12  
  86  6:43  Muscular Augments  
  86  6:46  Overlord  
  92  6:47  Baneling x3  
  92  6:48  Baneling  
  92  6:50  Overlord  
  92  7:04  Zergling x16  
  93  7:12  Zergling x10  
  93  7:23  Zergling x6  
  91  7:34  Zergling x6  
  91  7:35  Zergling x6  
  91  7:36  Zerg Melee Weapons Level 2, Zerg Ground Armor Level 2  
  91  7:44  Drone x3  
  91  7:48  Drone x2  
  95  8:00  Hydralisk x7, Grooved Spines  
  109  8:18  Hydralisk x9  
  109  8:19  Hydralisk x2  
  131  8:27  Overlord x2  
  131  8:34  Zergling x2, Baneling x15  
  131  8:35  Zergling x10  
  136  8:43  Zergling x8  
  136  8:44  Zergling x6  
  136  8:45  Overlord x2  
  143  8:50  Infestation Pit  
  137  9:01  Zergling x20  
  139  9:08  Zergling x18  
  135  9:17  Hydralisk  
  135  9:18  Hydralisk x2  
  135  9:21  Queen  
  135  9:24  Zergling x2  
  135  9:25  Zergling x8  
  135  9:26  Baneling  
  135  9:27  Baneling x3  
  135  9:28  Baneling x3  
  140  9:34  Extractor x2  
  140  9:37  Zergling x8  
  140  9:38  Zergling x16  
  150  9:40  Hive  
  150  9:45  Drone  
  150  9:46  Drone x3  
  146  10:02  Hatchery  
  129  10:08  Zergling x28  
  135  10:19  Spore Crawler  
  121  10:21  Drone  
  121  10:22  Drone x3  
  119  10:36  Drone x6  
  119  10:37  Drone x3  
  127  10:43  Baneling  
  127  10:44  Baneling x8  
  127  10:45  Queen x3  
  133  10:53  Baneling x6  
  133  11:00  Zerg Ground Armor Level 3  
  133  11:01  Zerg Melee Weapons Level 3, Ultralisk Cavern  
  132  11:11  Drone x7  
  139  11:19  Drone x2  
  139  11:20  Drone x4  
  116  11:58  Zergling x30  
  128  12:07  Drone  
  129  12:10  Queen  
  129  12:11  Chitinous Plating  
  129  12:12  Ultralisk x2  
  154  12:35  Hydralisk x4  
  154  12:56  Hydralisk x7  
  154  12:57  Hydralisk x3  
  162  13:00  Baneling x2  
  162  13:01  Baneling x9  
  161  13:11  Zergling x2  
  161  13:12  Zergling x22  
  161  13:26  Zergling x2  
  160  13:27  Zergling x12  
  160  13:32  Zergling x4  
  145  13:39  Baneling x8  
  145  13:40  Baneling x6  
  119  13:55  Drone  
  119  13:56  Drone x7  
  110  14:07  Ultralisk  
  113  14:17  Zergling x16  
  121  14:24  Baneling  
  121  14:25  Baneling x3  
Tags
 
Add a new tag
Caveats
  • Supply blocks, unpowered buildings, or Contaminate may cause inaccurate times.
  • Supply counts are checked every 10 seconds.